 Dungeon Crawl Stone Soup version 0.22-a0-447-gee5f723 (webtiles) character file.

1367 KristoblXynda the Covert (level 8, 0/67 HPs)
             Began as a Naga Gladiator on June 3, 2018.
             Was a Follower of Yredelemnul.
             Slain by an orc
             ... wielding a +0 club
              (2 damage)
             ... on level 6 of the Dungeon.
             The game lasted 00:10:57 (5783 turns).

KristoblXynda the Covert (Naga Gladiator)           Turns: 5783, Time: 00:10:58

Health: 0/67       AC:  8    Str: 17    XL:     8   Next: 65%
Magic:  8/8        EV: 10    Int: 10    God:    Yredelemnul [*.....]
Gold:   283        SH:  0    Dex: 13    Spells: 7/7 levels left

rFire    . . .     SeeInvis +   k - +0 morningstar
rCold    . . .     Gourm    .   (no shield)
rNeg     . . .     Faith    .   m - +0 ring mail
rPois    +         Spirit   .   c - +1 helmet
rElec    .         Reflect  .   (no cloak)
rCorr    .         Harm     .   (no gloves)
MR       +....                  (no barding)
Stlth    +++.......             (no amulet)
HPRegen  0.21/turn              (no ring)
MPRegen  0.11/turn              (no ring)

@: short of breath, very slow
A: large, see invisible, deformed body, poison resistance, slowness 2, slow
metabolism 1, spit poison 1, AC +2
a: Spit Poison, Animate Remains, Renounce Religion


You were on level 6 of the Dungeon.
You worshipped Yredelemnul.
Yredelemnul was aware of your devotion.
You were not hungry.

You visited 2 branches of the dungeon, and saw 7 of its levels.

You collected 283 gold pieces.

Inventory:

Hand Weapons
 k - a +0 morningstar (weapon)
Missiles
 d - a throwing net (quivered)
Armour
 c - a +1 helmet (worn)
 m - a +0 ring mail (worn)
Wands
 a - a wand of iceblast (7)
Scrolls
 b - 2 scrolls of teleportation
 e - 6 scrolls of enchant armour
 p - 3 scrolls of remove curse
Potions
 i - a potion of haste
 j - a potion of cancellation
 l - a potion of resistance
 n - a potion of might {unknown}
 o - a potion of agility {unknown}
 q - a potion of brilliance
Comestibles
 f - 9 rations
 g - 3 chunks of flesh


   Skills:
 - Level 2.0 Fighting
 * Level 7.3 Maces & Flails
 - Level 2.0 Throwing
 + Level 4.0 Armour
 - Level 3.0 Dodging
 + Level 8.4 Stealth


You had 7 spell levels left.
You didn't know any spells.
Your spell library was empty.

Dungeon Overview and Level Annotations

Branches:
Dungeon (6/15)             Temple (1/1) D:5

Altars:
Cheibriados
Dithmenos
Elyvilon
Fedhas
Gozag
Hepliaklqana
Makhleb
Nemelex Xobeh
Okawaru
Qazlal
Ru
Sif Muna
Trog
Uskayaw
Vehumet
Wu Jian
Xom
Yredelemnul
The Shining One


Innate Abilities, Weirdness & Mutations

You cannot wear boots.
Your serpentine skin is tough. (AC +2)
You have supernaturally acute eyesight. (SInv)
Armour fits poorly on your strangely shaped body.
Your system is resistant to poisons. (rPois)
You cover ground very slowly.
You have a slow metabolism.
You can spit poison.


Message History

Press: ? - help, Shift-Dir - straight line, f/p - orc warrior
Aim: an orc warrior, wielding a trident of protection and wearing a chain mail (severely wounded)
You throw a throwing net. The throwing net hits the orc warrior.
The orc warrior is caught in the net!
The orc warrior is severely wounded.
The orc warrior struggles against the net.
The orc hits you but does no damage. x2
A gnoll comes into view.
You catch the helpless orc warrior completely off-guard!
You hit the orc warrior but do no damage.
The orc warrior is severely wounded.
The orc warrior struggles against the net.
The orc completely misses you. The orc hits you but does no damage.
You sock the orc warrior!
You kill the orc warrior!
Yredelemnul accepts your kill.
Your Armour skill increases to level 4!
The orc hits you but does no damage. The orc hits you with a club.
You die...
Your body rises from the dead as a mindless zombie.

###############
..........(...#
..#.g.#..)#.#?#
......g.o@..#
..#...#.o)###
.........).
###########. ..
.. #.# ..


You could see 2 gnolls and 2 orcs.

Vanquished Creatures
  A steam dragon (D:5)
  An orc warrior (D:6)
  An ice beast (D:5)
  An ogre (D:3)
  A centaur (D:6)
  A bullfrog (D:6)
  A wyvern zombie (D:6)
  A scorpion (D:4)
  2 howler monkeys
  2 crimson imps (D:5)
  A hound (D:5)
  An orc priest (D:6)
  4 orc wizards
  3 worker ants
  A killer bee zombie (D:6)
  A hound skeleton (D:5)
  8 adders
  4 gnolls (D:3)
  A shadow imp (D:5)
  An ooze (D:3)
  6 worms
  3 dart slugs
  2 leopard geckos
  16 orcs
  3 ball pythons
  7 giant cockroaches
  14 goblins
  14 hobgoblins
  13 jackals
  2 quokkas (D:4)
  6 bats
  3 frilled lizards
  11 kobolds
  A quokka skeleton (D:4)
  11 rats
  A spectral orc (D:4)
150 creatures vanquished.

Notes
Turn   | Place    | Note
-------+----------+-------------------------------------------
     0 | D:1      | KristoblXynda the Naga Gladiator began the quest for the Orb.
     0 | D:1      | Reached XP level 1. HP: 19/19 MP: 1/1
   238 | D:1      | Reached XP level 2. HP: 26/26 MP: 2/2
   372 | D:1      | Reached skill level 1 in Stealth
   484 | D:1      | Reached XP level 3. HP: 18/32 MP: 3/3
   739 | D:1      | Reached skill level 2 in Stealth
  1282 | D:2      | Found a hazy altar of Hepliaklqana.
  1417 | D:2      | Reached XP level 4. HP: 38/39 MP: 4/4
  1949 | D:2      | Reached skill level 3 in Stealth
  2449 | D:3      | Reached skill level 1 in Armour
  2449 | D:3      | Reached XP level 5. HP: 35/45 MP: 5/5
  2565 | D:3      | Found an iron altar of Okawaru.
  2578 | D:3      | Reached skill level 4 in Stealth
  3115 | D:3      | Found an opulent altar of Gozag.
  3168 | D:3      | Noticed an ogre
  3178 | D:3      | Killed an ogre
  3178 | D:3      | Reached skill level 5 in Stealth
  3178 | D:3      | Reached XP level 6. HP: 31/52 MP: 6/6
  3430 | D:3      | Found a burning altar of Makhleb.
  4012 | D:4      | Reached skill level 5 in Maces & Flails
  4012 | D:4      | Reached XP level 7. HP: 52/60 MP: 7/7
  4155 | D:4      | Reached skill level 6 in Stealth
  4236 | D:4      | Found a basalt altar of Yredelemnul.
  4249 | D:4      | Became a worshipper of Yredelemnul the Dark
  4439 | D:5      | Entered Level 5 of the Dungeon
  4857 | D:5      | Reached skill level 7 in Stealth
  4945 | D:5      | Found a staircase to the Ecumenical Temple.
  4952 | Temple   | Entered the Ecumenical Temple
  5020 | D:5      | Noticed a steam dragon
  5067 | D:5      | Killed a steam dragon
  5067 | D:5      | Reached XP level 8. HP: 63/67 MP: 8/8
  5454 | D:6      | Reached * piety under Yredelemnul
  5739 | D:6      | Reached skill level 8 in Stealth
  5780 | D:6      | HP: 2/67 [orc warrior/trident of protection (14)]
  5783 | D:6      | Slain by an orc

Vault maps used:
D:1:      tarquinn_simple_flora_water_b
D:2:      lemuel_doored_altar
D:3:      nicolae_overflow_hidden_temple, nicolae_gozag_seed_capital,
          okawaru_ov_weapons_minmay, first_ration, serial_park_tiny_pond
D:4:      yredelemnul_forgotten_temple_becter, minmay_goblin_outpost
D:5:      minmay_temple_entry_statues_pillars
D:6:      lemuel_coloured_pillars_altar, uniq_crazy_yiuf_cottage
Temple:   eino_temple_lava

Skill      XL: |  1  2  3  4  5  6  7  8 |
---------------+-------------------------+-----
Throwing       | 2 |  2.0
Stealth        | 1 2 3 5 7 8 |  8.4
Dodging        | 3 |  3.0
Maces & Flails | 4 5 6 7 |  7.3
Armour         | 1 2 3 4 |  4.0
Fighting       | |  2.0

Action                   |  1- 3 |  4- 6 |  7- 9 || total
-------------------------+-------+-------+-------++-------
Melee: Flail             |    87 |   223 |    84 ||   394
       Morningstar       |       |       |   124 ||   124
Throw: Throwing net      |       |     1 |     2 ||     3
 Abil: Spit Poison       |    10 |    19 |    12 ||    41
Evoke: Wand              |       |       |     6 ||     6
  Use: Scroll            |       |    14 |     2 ||    16
       Potion            |       |     3 |     5 ||     8
 Stab: Sleeping          |       |     2 |     2 ||     4
       Paralysed         |       |       |     2 ||     2
       Held in net/web   |       |       |     2 ||     2
  Eat: Chunk             |     1 |     8 |     3 ||    12
       Ration            |       |       |     1 ||     1
Armor: Leather armour    |    23 |     4 |       ||    27
       Ring mail         |       |   111 |   101 ||   212
Dodge: Dodged            |    49 |   170 |   137 ||   356

Table legend:
 A = Spawn XP
 B = Non-spawn XP
 C = Spawn XP percentage of total XP
 D = Spawn monster count
 E = Non-spawn monster count
 F = Spawn count percentage of total count
 G = Total turns spent on level
                    A         B        C        D         E        F      G
               +---------+---------+-------+---------+---------+-------+---------
         Total |       0 |    1954 |   0.0 |       0 |     150 |   0.0 |  5783
               +---------+---------+-------+---------+---------+-------+---------
           D:1 |       0 |      55 |   0.0 |       0 |      29 |   0.0 |  1094
           D:2 |       0 |      67 |   0.0 |       0 |      24 |   0.0 |  1094
           D:3 |       0 |     326 |   0.0 |       0 |      39 |   0.0 |  1540
           D:4 |       0 |     255 |   0.0 |       0 |      28 |   0.0 |   711
           D:5 |       0 |     636 |   0.0 |       0 |      17 |   0.0 |   823
           D:6 |       0 |     615 |   0.0 |       0 |      13 |   0.0 |   456
               +---------+---------+-------+---------+---------+-------+---------
